 Dungeon Crawl Stone Soup version 0.29-a0-565-g7a16c6de65 (webtiles) character file.

Game seed: 578876592627531113

1112 Johnny the Carver (level 8, -4/64 HPs)
             Began as a Human Berserker on Nov 1, 2021.
             Was a Believer of Trog.
             Slain by Duvessa
             ... wielding a +0 short sword of freezing
              (9 damage)
             ... on level 5 of the Dungeon on June 12, 2022.
             The game lasted 00:04:32 (4573 turns).

Johnny the Carver (Human Berserker)                 Turns: 4573, Time: 00:04:32

Health: -4/64      AC: 10    Str: 19    XL:     8   Next: 59%
Magic:  8/8        EV:  8    Int: 15    God:    Trog [**....]
Gold:   165        SH:  0    Dex: 12    Spells: 7/7 levels left

rFire   . . .      SeeInvis .   c - +1 short sword (vamp)
rCold   . . .      Faith    .   (no shield)
rNeg    . . .      Spirit   .   f - +0 chain mail
rPois   .          Reflect  .   (no helmet)
rElec   .          Harm     .   (no cloak)
rCorr   .          Rampage  .   o - +1 pair of gloves
Will    ++...                   (no boots)
Stlth   ..........              (no amulet)
HPRegen 1.20/turn               u - +6 ring of intelligence
MPRegen 0.11/turn               (no ring)

@: strong-willed (expiring), on berserk cooldown, regenerating (expiring),
slowed, very slow
A: no striking features
a: Renounce Religion, Berserk, Trog's Hand


You were on level 5 of the Dungeon.
You worshipped Trog.
Trog was pleased with you.
You visited 1 branch of the dungeon, and saw 5 of its levels.

You collected 165 gold pieces.

Inventory:

Hand Weapons
 a - a +0 falchion
 c - a +1 vampiric short sword (weapon)
Armour
 f - a +0 chain mail (worn)
 o - a +1 pair of gloves (worn)
Jewellery
 u - a +6 ring of intelligence (left hand)
Wands
 p - a wand of iceblast (8)
Scrolls
 b - a scroll of teleportation {unknown}
 e - 4 scrolls of identify {unknown}
 g - 2 scrolls of noise {unknown}
 h - a scroll of immolation {unknown}
 i - a scroll of enchant weapon {unknown}
 j - a scroll of fear {unknown}
 k - 2 scrolls of brand weapon {unknown}
 v - a scroll of summoning {unknown}
 w - a scroll of fog {unknown}
 x - a scroll of vulnerability {unknown}
Potions
 d - 2 potions of heal wounds {unknown}
 l - 3 potions of lignification {unknown}
 m - a potion of attraction {unknown}
 n - 3 potions of curing {unknown}
 q - a potion of invisibility {unknown}
 r - 2 potions of magic {unknown}
 s - a potion of degeneration {unknown}
 t - a potion of flight {unknown}


   Skills:
 + Level 6.2 Fighting
 * Level 8.4 Long Blades
 - Level 2.0 Armour
 - Level 2.0 Dodging


You had 7 spell levels left.
You didn't know any spells.
Your spell library contained the following spells:

 Spells                   Type           Power      Damage    Failure   Level
 Foxfire                  Conj/Fire      0%         2x1d4     98%         1
 Conjure Flame            Conj/Fire      0%         6-21      100%        3
 Inner Flame              Hex/Fire       0%         N/A       100%        3
 Portal Projectile        Hex/Tloc       0%         N/A       100%        3
 Tukima's Dance           Hex            0%         N/A       100%        3
 Flame Wave               Conj/Fire      0%         2d4       100%        4
 Blade Hands              Tmut           0%         N/A       100%        5


Dungeon Overview and Level Annotations

Branches:
Dungeon (5/15)
 Temple: D:4-7

Altars:
Ashenzari
Trog
Uskayaw
Vehumet

Annotations:
D:5 Duvessa


Message History

Duvessa is lightly wounded.
A scorpion comes into view.
You hit Duvessa.
You feel better.
Duvessa is moderately wounded.
Duvessa hits you with a +0 short sword of freezing.
Duvessa freezes you. The orc hits you with a +0 hand axe.
You hit Duvessa but do no damage.
Duvessa is moderately wounded.
Duvessa hits you but does no damage.
You hit Duvessa.
Duvessa is moderately wounded.
Duvessa barely misses you. The orc hits you but does no damage.
You hit Duvessa.
Duvessa is moderately wounded.
Duvessa hits you with a +0 short sword of freezing!
Duvessa freezes you.
You puncture Duvessa!
Duvessa is heavily wounded.
The orc hits you but does no damage.
Duvessa hits you with a +0 short sword of freezing.
* * * LOW HITPOINT WARNING * * *
Duvessa freezes you.
* * * LOW HITPOINT WARNING * * *
You hit Duvessa.
Duvessa is severely wounded.
You are no longer berserk.
You are exhausted.
You feel yourself slow down. The orc hits you with a +0 hand axe.
* * * LOW HITPOINT WARNING * * *
Duvessa hits you but does no damage.
You hit Duvessa but do no damage. Your punch misses Duvessa.
Duvessa is severely wounded.
You feel the effects of Trog's Hand fading.
Duvessa hits you with a +0 short sword of freezing!
* * * LOW HITPOINT WARNING * * *
Duvessa freezes you.
* * * LOW HITPOINT WARNING * * *
The orc barely misses you.
Duvessa hits you with a +0 short sword of freezing!
You die...

........♣ .... ##..>....♣
..... ......... .....
#....... #....##.....#.
#...........#.#
#......seo....# ♣
.......$@# #.# P♣
........## ##.## ♣.P♣
.........# #...# ##.....
#........####.###.......
#..........#............
........>.......##......
.................#......
#...............##.......
#............#####.......


You could see Duvessa (berserk), a scorpion and an orc.

Vanquished Creatures
  A water moccasin (D:5)
  An ogre (D:5)
  3 phantoms
  3 scorpions
  2 necrophages
  Dowan (D:5)
  A howler monkey (D:5)
  3 iguanas
  4 orc wizards (D:5)
  6 adders
  4 worms
  A dart slug (D:3)
  10 orcs
  6 bats
  5 endoplasms
  2 giant cockroaches
  10 hobgoblins
  4 jackals (D:2)
  3 quokkas
  6 ball pythons
  2 frilled lizards (D:2)
  7 goblins
  6 kobolds
  6 rats
97 creatures vanquished.

Vanquished Creatures (others)
  A goblin (D:3)
  10 plants (D:5)
11 creatures vanquished.

Grand Total: 108 creatures vanquished

Notes
Turn   | Place    | Note
-------+----------+-------------------------------------------
     0 | D:1      | Johnny the Human Berserker began the quest for the Orb.
     0 | D:1      | Reached XP level 1. HP: 18/18 MP: 1/1
     0 | D:1      | Upgraded the game from 0.28-a0-771-g91a516d0e7 to
                  | 0.28-a0-773-g130ae17fe5
     0 | D:1      | Upgraded the game from 0.28-a0-773-g130ae17fe5 to
                  | 0.29-a0-565-g7a16c6de65
   123 | D:1      | Reached XP level 2. HP: 16/24 MP: 2/2
   431 | D:1      | Found a faded altar of an unknown god.
   958 | D:2      | Reached XP level 3. HP: 29/29 MP: 3/3
  1125 | D:2      | Reached skill level 4 in Long Blades
  1324 | D:2      | Reached ** piety under Trog
  1325 | D:2      | Reached XP level 4. HP: 35/35 MP: 4/4
  2579 | D:3      | Reached XP level 5. HP: 42/42 MP: 5/5
  2899 | D:4      | Noticed a phantom
  2902 | D:4      | Killed a phantom
  2903 | D:4      | Reached skill level 5 in Long Blades
  3035 | D:4      | Reached XP level 6. HP: 48/48 MP: 6/6
  3338 | D:4      | Found a broken altar of Ashenzari.
  3338 | D:4      | Found a radiant altar of Vehumet.
  3346 | D:4      | Found a faded altar of an unknown god.
  3348 | D:4      | Found a bloodstained altar of Trog.
  3350 | D:4      | Found a hide-covered altar of Uskayaw.
  3588 | D:4      | Reached skill level 6 in Long Blades
  3652 | D:4      | Reached *** piety under Trog
  3763 | D:5      | Entered Level 5 of the Dungeon
  3769 | D:5      | Reached XP level 7. HP: 55/55 MP: 7/7
  3781 | D:5      | Reached skill level 5 in Fighting
  3864 | D:5      | Reached skill level 7 in Long Blades
  4158 | D:5      | Noticed a water moccasin
  4166 | D:5      | Killed a water moccasin
  4167 | D:5      | Reached XP level 8. HP: 64/64 MP: 8/8
  4320 | D:5      | Reached skill level 8 in Long Blades
  4551 | D:5      | Noticed Duvessa
  4551 | D:5      | Noticed Dowan
  4563 | D:5      | Killed Dowan
  4573 | D:5      | Slain by Duvessa

Illustrated notes

Levels and vault maps discovered:
D:1:      erik_arrival_blinker_ship, layout_loops_ring,
          shapermc_ecumenical_altar_venn, serial_bayou_pond_e
D:2:      layout_basic, moated_statue, minmay_vboxes
D:3:      layout_rooms, minivault_24, st_stairs_5
D:4:      nicolae_BIG_FREAKIN_CUBE, layout_rooms,
          chequers_temple_overflow_minitemple,
          hangedman_abyss_or_decor_lesser_grid
D:5:      layout_cave_pools, serial_bayou, serial_bayou_lagoon_a,
          serial_bayou_pond_b, serial_bayou_shore_b, serial_bayou_crossing,
          uniq_duvessa

Skill      XL: |  1  2  3  4  5  6  7  8 |
---------------+-------------------------+-----
Long Blades    | 4 5 6 7 8 |  8.4
Fighting       | 4 5 6 |  6.2
Armour         | |  2.0
Dodging        | |  2.0

Action                   |  1- 3 |  4- 6 |  7- 9 || total
-------------------------+-------+-------+-------++-------
Melee: Falchion          |    32 |       |       ||    32
       Short sword       |   111 |   224 |   145 ||   480
       Punch             |       |     4 |     3 ||     7
Invok: Berserk           |     2 |     5 |     6 ||    13
       Trog's Hand       |       |       |     2 ||     2
Evoke: Wand              |       |     4 |       ||     4
Armor: Animal skin       |    20 |       |       ||    20
       Chain mail        |    68 |   107 |    66 ||   241
Dodge: Dodged            |   100 |    84 |    54 ||   238

Table legend: (Time is in decaauts)
 A = Elapsed time spent in this place.
 B = Non-inter-level travel time spent in this place.
 C = Inter-level travel time spent in this place.
 D = Time resting spent in this place.
 E = Time spent auto-exploring this place.
 F = Levels seen in this place.
 G = Mean time per level.
                   A        B        C        D        E       F      G
               +--------+--------+--------+--------+--------+-----+--------+
         Total |   4651 |   4572 |     79 |   1033 |   2677 |   5 |  930.2 |
       Dungeon |   4651 |   4572 |     79 |   1033 |   2677 |   5 |  930.2 |
               +--------+--------+--------+--------+--------+-----+--------+

Top non-repeatable levels by time:
     D:2: 1366 daAuts
     D:1: 916 daAuts
     D:4: 864 daAuts
     D:5: 841 daAuts
     D:3: 663 daAuts
